Unix NetHack Version 5.0.0-0 post-release - last build May 10 2026 23:12:36 (d1fa5d53e341ca933230fdaa984d921c805b60aa,branch:main).

Game began 2026-05-12 20:19:56, ended 2026-05-12 21:41:22.

Eymerich, chaotic male elven Priest

                                                               ...
                                                               ...-
                                                                ) ..     q*.
                                                                .  )-    . d.|
                                                              GG    ..  .  u@-
                                                                      q.  f.>.
                                                              o             .
                                                             o

Eymerich the Adept           St:12 Dx:13 Co:14 In:15 Wi:18 Ch:13  Chaotic
Dlvl:5  $:212 HP:0(49) Pw:92(92) AC:6  Xp:6 T:6102 

Latest messages:
 The giant bat bites!
 You miss the giant bat.
 The giant bat bites!
 The giant bat bites!
 You miss the giant bat.
 The giant bat bites!
 The giant bat bites!
 You kill the giant bat!
 You see here a giant bat corpse.
 You see here a bat corpse.
 You stop waiting.
 You feel strong!
 You must have been exercising diligently.
 You feel foolish!
 You haven't been paying attention.
 What do you want to drink? [dlmvEM or ?*]
 You feel quite proud of yourself.
 Pick a monster, object or location.
 What do you want to throw? [$nptNPZ or ?*]
 In what direction?
 The dog seems more amiable.
 Your dog devours a food ration.
 The dog is still eating.
 You descend the stairs.
 The pony kicks!
 The pony bites!
 The pony kicks!
 The pony bites!
 You hear some noises in the distance.
 You climb up the stairs.
 You remember this level as box 7 items.
 You descend the stairs.
 The dog misses the pony.
 The pony kicks!
 The pony bites!
 You miss the pony.
 The dog misses the pony.
 The pony kicks!
 The pony bites!
 You miss the pony.
 The dog misses the pony.
 The pony kicks!
 The pony bites!
 The dog bites the pony.
 The pony misses the dog.
 The pony misses the dog.
 The pony kicks!
 You die...
 Do you want your possessions identified? [ynq] (y)
 Do you want to see your attributes? [ynq] (y)

Inventory:
 Coins    ('$')
  $ - 212 gold pieces
 Weapons  (')')
  p - a blessed +1 dart
  Z - 2 +0 darts
  N - 66 poisoned +0 darts
  P - 3 +0 daggers (at the ready)
  n - a blessed +1 orcish dagger
  t - a +0 aklys (tethered to right hand)
 Armor    ('[')
  G - a +1 orcish helm (being worn)
  k - a +0 pair of iron shoes (being worn)
  s - a +0 dwarvish cloak (being worn)
  Q - a +0 oilskin cloak
  b - a +0 robe
 Comestibles  ('%')
  e - a clove of garlic
  f - a sprig of wolfsbane
 Scrolls  ('?')
  H - 2 blessed scrolls of enchant weapon
  u - a scroll of magic mapping
 Potions  ('!')
  E - a potion of enlightenment
  l - a potion of fruit juice
  m - a blessed potion of see invisible
  M - a potion of see invisible
  d - 3 potions of holy water
 Rings    ('=')
  U - a blessed +1 ring of protection
 Wands    ('/')
  L - a wand of cancellation (0:3)
  O - a wand of digging (0:3)
  F - a wand of locking (0:5)
 Tools    ('(')
  i - a leather drum
  o - a lock pick
  r - a +0 pick-axe
 Gems/Stones  ('*')
  R - 3 diamonds named hard
  a - an obsidian stone named soft
  y - a worthless piece of red glass named soft
  B - a worthless piece of yellow glass named soft
  D - a rock

Eymerich the Priest's attributes:

Background:
 You were an Adept, a level 6 elven Priest.
 You were chaotic, on a mission for Huhetotl
 who was opposed by Quetzalcoatl (lawful) and Camaxtli (neutral).
 You were right-handed.
 You were in the Gnomish Mines, on level 5.
 You entered the dungeon 6102 turns ago.
 You had 581 experience points, 59 more were needed to attain level 7.

Basics:
 You had 0 out of 49 hit points.
 You had all 92 energy points (spell power).
 Your armor class was 6.
 Your wallet contained 212 zorkmids.
 Autopickup was off.

Final Characteristics:
 Your strength was 12 (limit:18).
 Your dexterity was 13 (limit:18).
 Your constitution was 14 (limit:16).
 Your intelligence was 15 (limit:20).
 Your wisdom was 18 (peak:19, limit:20).
 Your charisma was 13 (limit:18).

Final Status:
 You weren't hungry.
 You were unencumbered.
 You were wielding a club.
 You were skilled in club.

Final Attributes:
 You were piously aligned.
 Your items were somewhat protected from fire.
 Your items were somewhat protected from cold.
 You were sleep resistant.
 You were telepathic.
 You had infravision.
 You were warded.
 You are dead.

Miscellaneous:
 You didn't encounter any bones levels.
 Total elapsed playing time was 1 hour, 21 minutes and 25 seconds.

Major events:
 Turn
    1: Eymerich the chaotic elven Priest entered the dungeon
  912: attained the rank of Acolyte (level 3)
 1722: entered the Gnomish Mines
 4428: attained the rank of Adept (level 6)
 6102: killed by a pony

Spells:
 Name                 Level Category     Fail Retention
 light                  1   clerical      22%   61%-70%
 remove curse           3   clerical       0%   61%-70%

Skills:
 Fighting Skills
   bare handed combat [Unskilled]
 Weapon Skills
   club               [Skilled]
   mace               [Basic]
   morning star       [Unskilled]
   flail              [Unskilled]
   hammer             [Unskilled]
   quarterstaff       [Unskilled]
   polearms           [Unskilled]
   spear              [Unskilled]
   trident            [Unskilled]
   lance              [Unskilled]
   bow                [Unskilled]
   sling              [Unskilled]
   crossbow           [Unskilled]
   dart               [Unskilled]
   shuriken           [Unskilled]
   boomerang          [Unskilled]
   unicorn horn       [Unskilled]
 Spellcasting Skills
   healing spells     [Unskilled]
   divination spells  [Unskilled]
   clerical spells    [Basic]

Voluntary challenges:
 Character rerolling was not enabled.
 You were illiterate.
 You never genocided any monsters.
 You never polymorphed an object.
 You never changed form.
 You used no wishes.
Achievements:
 You attained the rank of Acolyte.
 You entered a shop.
 You entered the Gnomish Mines.
 You attained the rank of Adept.

 The Dungeons of Doom: levels 1 to 2
    Level 1: "vault"
       An altar to Huhetotl, a fountain.
    Level 2:
       A general store, a fountain.
       Stairs down to The Gnomish Mines.
 The Gnomish Mines: levels 3 to 5
    Level 3:
    Level 4: "box 7 items"
    Level 5: <- You were here.
       Final resting place for
          you, killed by a pony.


Vanquished creatures:
  a leprechaun
  a blue jelly
  a wood nymph
  2 Mordor orcs
  a yellow light
  a shrieker
  5 gnome leaders
  a gnomish wizard
  2 floating eyes
  5 dwarves
  a kobold leader
  8 hill orcs
  4 rothes
  3 giant bats
  a werejackal
  3 iguanas
  3 acid blobs
  a coyote
  a gas spore
  4 hobbits
  a large kobold
  2 hobgoblins
  8 giant rats
  2 cave spiders
  a yellow mold
 17 gnomes
  a gnome zombie
 10 geckos
  6 jackals
  2 foxes
  a kobold
  3 goblins
  a sewer rat
  4 grid bugs
  4 bats
  3 lichens
  3 kobold zombies
  7 newts
125 creatures vanquished.

No species were genocided or became extinct.

Game over:
                       ----------
                      /          \
                     /    REST    \
                    /      IN      \
                   /     PEACE      \
                  /                  \
                  |     Eymerich     |
                  |      212 Au      |
                  | killed by a pony |
                  |                  |
                  |                  |
                  |                  |
                  |       2026       |
                 *|     *  *  *      | *
        _________)/\\_//(\/(/\)/\//\/|_)_______

Goodbye Eymerich the Priest...

You died in The Gnomish Mines on dungeon level 5 with 2725 points,
and 212 pieces of gold, after 6102 moves.
You were level 6 with a maximum of 49 hit points when you died.

